 Dungeon Sprint DCSS version 0.30.1-9-gdf580d7c3d (webtiles) character file.

Game seed: 14685787311731168364

46510 Heoruswealwe the Minotaur Porcupine (level 14, -9/158 HPs)
             Began as a Minotaur Fighter on Sept 25, 2023.
             Was an Initiate of Gozag.
             Mangled by a spriggan berserker
             ... wielding a +0 war axe
              (29 damage)
             ... in the Dungeon (Sprint IX: "|||||||||||||||||||||||||||||").
             The game lasted 00:42:50 (3699 turns).

Heoruswealwe the Minotaur Porcupine (MiFi)          Turns: 3699, Time: 00:42:51

Health: -9/158     AC: 39    Str: 39    XL:     14   Next: 5%
Magic:  13/13      EV:  9    Int:  9    God:    Gozag
Gold:   1670       SH:  5    Dex: 19    Spells: 13/13 levels left

rFire   . . .        b - +0 bardiche of False Accusations {venom, rCorr Int-4 Dex+9 SInv}
rCold   . . .        (shield currently unavailable)
rNeg    . . .        c - +8 plate armour of Busuruus {Str+4}
rPois   .            (helmet restricted)
rElec   .            h - +1 cloak {rCorr}
rCorr   +            f - +1 pair of gloves
SInv    +            e - +2 pair of boots {rampage}
Will    +....        i - amulet of the Bouncing Beds {Reflect rC- Str+3 Int+8 SH+5} Stlth
                     k - +6 ring of strength
HPRegen 0.46/turn    j - ring of protection from cold
MPRegen 0.13/turn

%: no teleportation, reflection, rampage
@: gold aura
A: horns 2, retaliatory headbutt
a: Renounce Religion, Potion Petition, Call Merchant, Bribe Branch


You were in the Dungeon.
You worshipped Gozag.
Gozag was most pleased with you.
You visited 1 branch You collected 13230 gold pieces.
You spent 6511 gold pieces at shops.
You paid 5049 gold pieces to Gozag.

Inventory:

Hand Weapons
 a - a +4 demon trident of electrocution
 b - the +0 bardiche of False Accusations (weapon) {venom, rCorr Int-4 Dex+9 SInv}
   (You bought it in a shop in the Dungeon)

   Int:       It affects your intelligence (-4).
   Dex:       It affects your dexterity (+9).
   SInv:      It lets you see invisible.
   rCorr:     It protects you from acid and corrosion.
 l - the +10 dark maul {heavy}
   (You bought it in a shop in the Dungeon)
Armour
 c - the +8 plate armour of Busuruus (worn) {Str+4}
   (You bought it in a shop in the Dungeon)

   Str:       It affects your strength (+4).
 d - a +1 tower shield
 e - a +2 pair of boots of rampaging (worn)
 f - a +1 pair of gloves (worn)
 h - a +1 cloak of preservation (worn)
Jewellery
 i - the amulet of the Bouncing Beds (around neck) {Reflect rC- Str+3 Int+8 SH+5}
   (You bought it in a shop in the Dungeon)

   [amulet of reflection]

   It reflects blocked missile attacks.
   Str:       It affects your strength (+3).
   Int:       It affects your intelligence (+8).
   rC:        It makes you vulnerable to cold.
   SH:        It affects your SH (+5).
 j - a ring of protection from cold (right hand)
 k - a +6 ring of strength (left hand)
 x - a ring of poison resistance
Wands
 o - a wand of light (10)
 t - a wand of digging (4)
 v - a wand of flame (23)
Scrolls
 q - 2 scrolls of identify
 r - 3 scrolls of enchant armour
 w - 2 scrolls of silence
Potions
 g - 2 potions of haste
 n - a potion of invisibility
 z - a potion of cancellation
 B - a potion of mutation
 C - a potion of degeneration {unknown}
Miscellaneous
 u - a box of beasts
 y - a phantom mirror
 A - a piece from Xom's chessboard (15/15)


   Skills:
 + Level 23.7 Fighting
 * Level 16.4 Maces & Flails
 O Level 27 Polearms
 + Level 23.7 Armour
 - Level 3.6 Shields


You had 13 spell levels left.
You didn't know any spells.
Your spell library contained the following spells:

 Spells                   Type           Power      Damage    Failure   Level
 Slow                     Hex            0%         N/A       71%         1
 Ensorcelled Hibernation  Hex/Ice        0%         N/A       83%         2
 Agony                    Necr           0%         N/A       100%        5
 Necromutation            Tmut/Necr      0%         N/A       100%        8
 Animate Dead             Necr           Unusable   N/A       N/A         4

Dungeon Overview and Level Annotations

Branches:
Dungeon (1/1)

Altars:
Cheibriados
Dithmenos
Elyvilon
Fedhas
Gozag
Hepliaklqana
Kikubaaqudgha
Makhleb
Nemelex Xobeh
Okawaru
Qazlal
Ru
Sif Muna
Trog
Uskayaw
Vehumet
Wu Jian
Xom
Yredelemnul
Zin
The Shining One
Jiyva
Lugonu

Shops:
D **((*==*(


Innate Abilities, Weirdness & Mutations

You have a pair of horns on your head.
You reflexively headbutt those who attack you in melee.


Message History

The spriggan berserker goes berserk!
You hit the spriggan berserker.
The spriggan berserker looks as sick as possible!
The spriggan berserker is lightly wounded.
The spriggan berserker barely misses you.
You barely miss the spriggan berserker.
Your headbutt misses the spriggan berserker.
The spriggan berserker is lightly wounded.
The spriggan berserker hits you but does no damage.
You miss the spriggan berserker.
The spriggan berserker is lightly wounded.
The spriggan berserker is distracted by your dazzling golden aura.
The spriggan berserker shouts!
You slash the spriggan berserker!
The spriggan berserker looks as sick as possible!
The spriggan berserker is no longer distracted by gold.
Your headbutt misses the spriggan berserker.
The spriggan berserker is lightly wounded.
The frost giant is no longer distracted by gold.
The spriggan berserker hits you but does no damage.
You barely miss the spriggan berserker.
The spriggan berserker is lightly wounded.
The spriggan berserker hits you but does no damage.
You slash the spriggan berserker!
The spriggan berserker looks as sick as possible!
Your headbutt misses the spriggan berserker.
The spriggan berserker is heavily wounded.
The spriggan berserker hits you with a +0 war axe!!!
* * * LOW HITPOINT WARNING * * *
You slice the spriggan berserker!!
The spriggan berserker looks as sick as possible!
You headbutt the spriggan berserker!
The spriggan berserker is almost dead.
You block the spriggan berserker's attack.
You hit the spriggan berserker but do no damage.
The spriggan berserker looks as sick as possible!
The spriggan berserker is almost dead.
The spriggan berserker hits you with a +0 war axe!!
You die...
Your body crumbles into a pile of gold.

,*,*,*,*,*,*,*,▓.▓.▓.▓.▓=▓.▓.▓.▓.
,*,*,*,*,*,*+*,▓.▓.▓.▓.▓=▓.▓.▓.▓!
,*,*,*,*,*,*,*,▓.▓.▓.▓.▓=▓.▓'▓.▓.
,*,*,*,*,*,*,*,▓.▓.▓.▓.▓.▓.▓)▓.▓|
,*,*,*,*,*,*,*,▓.▓.♣'♣.▓)▓.▓)▓.▓.
,*,*,*,*,*,*,*,▓$▓.♣)♣.▓)▓.▓)▓.▓.
,*,*,*,*,*,*,*,▓$▓.♣.♣.▓)▓.▓)▓.▓?
,*,*,*,*,*,*,*,▓$▓.♣.♣.▓)▓.▓.▓.▓.
,*,*,*,*,*,*,*,▓@▓.♣.♣.▓)▓.▓)▓.▓.
,*,*,*,*,*,*,*,▓i▓.♣.♣.▓)▓.▓.▓.▓?
,*,*,*,*+*,*,*,▓C▓.♣.♣.▓)▓.▓)▓.▓'
,*,*,*,*,*,*,*,▓$▓.♣.♣.▓)▓.▓)▓.▓.
,*,*,*,*,*,*,*,▓L▓.♣.♣.▓[▓.▓.▓.▓.
,*,*,*,*,*,*,*,▓.▓.♣.♣.▓[▓.▓.▓.▓.
,*,*,*,*,*,*,*,▓.▓.▓)▓.▓[▓.▓.▓.▓.
,*,*,*,*,*,*,*,▓.▓.▓)▓.▓[▓)▓.▓.▓.
,*,*,*,*,*,*,*,▓.▓.▓)▓.▓[▓[▓[▓.▓.


You could see a frost giant, a lich and a spriggan berserker (berserk,
regenerating, strong-willed, extremely poisoned).

Vanquished Creatures
  A storm dragon (D)
  A tengu reaver (D)
  2 fire giants (D)
  A frost giant (D)
  Aizul (D)
  2 stone giants (D)
  A very ugly thing (D)
  An eleionoma (D)
  A bunyip (D)
  A spark wasp (D)
  Azrael (D)
  An entropy weaver (D)
  A merfolk impaler (D)
  A fire dragon (D)
  2 jorogumos (D)
  An anaconda (D)
  2 ice dragons (D)
  A rakshasa (D)
  A hydra (D)
  A death knight (D)
  A ghost crab (D)
  Erica (D)
  A centaur warrior (D)
  An alligator snapping turtle (D)
  A merfolk avatar (D)
  A radroach (D)
  2 naga warriors (D)
  2 deep troll earth magi (D)
  A spriggan berserker (D)
  A vampire mage (D)
  3 tengu warriors (D)
  A naga sharpshooter (D)
  Sonja (D)
  A goliath frog (D)
  A pharaoh ant (D)
  2 sea snakes (D)
  A naga ritualist (D)
  A swamp dragon (D)
  A harpy (D)
  3 orc knights (D)
  A deep elf pyromancer (D)
  2 manticores (D)
  An ugly thing (D)
  5 orc sorcerers (D)
  2 will-o-the-wisps (D)
  3 cyclopes (D)
  A black mamba (D)
  Maurice (D)
  A naga mage (D)
  A gargoyle (D)
  2 demonic crawlers (D)
  4 cane toads (D)
  2 tengu conjurers (D)
  2 trolls (D)
  3 merfolk (D)
  3 blink frogs (D)
  A tarantella (D)
  A slime creature (D)
  3 basilisks (D)
  A fire elemental (D)
  5 yaks (D)
  A vampire mosquito (D)
  A naga (D)
  5 wargs (D)
  A water moccasin (D)
  4 hell hounds (D)
  9 orc warriors (D)
  A black bear (D)
  3 wolves (D)
  A centaur (D)
  A phantom (D)
  A bullfrog (D)
  A scorpion (D)
  A killer bee (D)
  A howler monkey (D)
  4 orc priests (D)
  5 orc wizards (D)
  An ufetubus (D)
  14 orcs (D)
  An endoplasm (D)
  A goblin (D)
  A hobgoblin (D)
  A ball python (D)
  A bat (D)
156 creatures vanquished.

Vanquished Creatures (others)
  A spriggan druid (D)
  A tyrant leech (D)
  3 foxfires (D)
5 creatures vanquished.

Grand Total: 161 creatures vanquished

Notes
Turn   | Place    | Note
-------+----------+-------------------------------------------
     0 | D        | Heoruswealwe the Minotaur Fighter began the quest for the
                  | Orb.
     0 | D        | Reached XP level 1. HP: 19/19 MP: 0/0
     7 | D        | Reached skill level 3 in Polearms
    29 | D        | Noticed a phantom
    29 | D        | Noticed a scorpion
    31 | D        | Reached skill level 4 in Polearms
    31 | D        | Reached XP level 2. HP: 28/28 MP: 1/1
    43 | D        | Killed a phantom
    44 | D        | Reached skill level 7 in Polearms
    44 | D        | Reached XP level 3. HP: 29/37 MP: 2/2
    44 | D        | Reached XP level 4. HP: 34/44 MP: 3/3
    63 | D        | Killed a scorpion
    64 | D        | Reached skill level 9 in Polearms
    64 | D        | Reached XP level 5. HP: 39/52 MP: 4/4
    70 | D        | Found a snail-covered altar of Cheibriados.
    70 | D        | Found a shadowy altar of Dithmenos.
    70 | D        | Found a white marble altar of Elyvilon.
    70 | D        | Found a blossoming altar of Fedhas.
    70 | D        | Found an opulent altar of Gozag.
    71 | D        | Found a hazy altar of Hepliaklqana.
    72 | D        | Found a viscous altar of Jiyva.
    73 | D        | Found an ancient bone altar of Kikubaaqudgha.
    74 | D        | Found a corrupted altar of Lugonu.
    75 | D        | Found a burning altar of Makhleb.
    76 | D        | Found a sparkling altar of Nemelex Xobeh.
    77 | D        | Found an iron altar of Okawaru.
    78 | D        | Became a worshipper of Gozag Ym Sagoz the Greedy
    79 | D        | Found a stormy altar of Qazlal.
    80 | D        | Found a sacrificial altar of Ru.
    81 | D        | Found a shimmering blue altar of Sif Muna.
    82 | D        | Found a bloodstained altar of Trog.
    83 | D        | Found a hide-covered altar of Uskayaw.
    84 | D        | Found a radiant altar of Vehumet.
    85 | D        | Found an ornate altar of the Wu Jian Council.
    86 | D        | Found a shimmering altar of Xom.
    87 | D        | Found a basalt altar of Yredelemnul.
    88 | D        | Found a glowing silver altar of Zin.
    89 | D        | Found a glowing golden altar of the Shining One.
   150 | D        | Noticed a centaur
   150 | D        | Noticed a gargoyle
   150 | D        | Noticed a yak
   150 | D        | Noticed a troll
   156 | D        | Killed a centaur
   157 | D        | Reached skill level 10 in Polearms
   159 | D        | Killed a gargoyle
   160 | D        | Reached skill level 13 in Polearms
   160 | D        | Reached XP level 6. HP: 28/66 MP: 5/5
   160 | D        | Reached XP level 7. HP: 30/71 MP: 6/6
   166 | D        | Killed a yak
   167 | D        | Reached skill level 10 in Fighting
   167 | D        | Reached skill level 10 in Armour
   173 | D        | Killed a troll
   174 | D        | Reached skill level 14 in Polearms
   266 | D        | Noticed a tengu warrior
   266 | D        | Noticed a troll
   266 | D        | Noticed a basilisk
   266 | D        | Noticed a manticore
   266 | D        | Noticed a deep elf pyromancer
   266 | D        | Noticed a manticore
   270 | D        | Killed a tengu warrior
   271 | D        | Reached skill level 16 in Polearms
   271 | D        | Reached XP level 8. HP: 75/83 MP: 7/7
   276 | D        | Killed a troll
   295 | D        | Killed a manticore
   296 | D        | Reached skill level 17 in Polearms
   296 | D        | Reached XP level 9. HP: 57/93 MP: 8/8
   301 | D        | Killed a manticore
   302 | D        | Reached skill level 18 in Polearms
   304 | D        | Killed a deep elf pyromancer
   491 | D        | Got the Essays on Destined Sinister Liturgies
   500 | D        | Noticed a cane toad
   504 | D        | Noticed a cane toad
   512 | D        | Noticed a cane toad
   539 | D        | Killed a cane toad
   540 | D        | Reached skill level 19 in Polearms
   546 | D        | Reached XP level 10. HP: 73/104 MP: 9/9
   547 | D        | Killed a cane toad
   557 | D        | Killed a cane toad
   562 | D        | Reached skill level 20 in Polearms
   746 | D        | Noticed a six-headed hydra
   751 | D        | Reached skill level 15 in Fighting
   751 | D        | Reached skill level 15 in Armour
   752 | D        | Noticed a cane toad
   768 | D        | Killed a 14-headed hydra
   780 | D        | Killed a cane toad
   781 | D        | Reached skill level 21 in Polearms
  1320 | D        | Reached XP level 11. HP: 114/114 MP: 10/10
  1320 | D        | Noticed an orc knight
  1326 | D        | Reached skill level 22 in Polearms
  1335 | D        | Killed an orc knight
  1513 | D        | Found Biqiby's Antique Weapon Emporium.
  1513 | D        | Noticed an orc sorcerer
  1513 | D        | Noticed an orc knight
  1516 | D        | Noticed an orc sorcerer
  1521 | D        | Killed an orc sorcerer
  1523 | D        | Noticed an orc sorcerer
  1526 | D        | Killed an orc knight
  1528 | D        | Found Yphin's Weapon Shoppe.
  1528 | D        | Noticed an orc knight
  1533 | D        | Killed an orc sorcerer
  1538 | D        | Killed an orc sorcerer
  1539 | D        | Reached skill level 23 in Polearms
  1545 | D        | Found Pohou's General Store.
  1549 | D        | Killed an orc knight
  1555 | D        | Found Juf Guy's Jewellery Shoppe.
  1558 | D        | Noticed an orc sorcerer
  1561 | D        | Noticed an orc sorcerer
  1564 | D        | Killed an orc sorcerer
  1569 | D        | Killed an orc sorcerer
  1654 | D        | Bought a scroll of silence for 104 gold pieces
  1654 | D        | Bought a potion of curing for 33 gold pieces
  1654 | D        | Bought a scroll of enchant armour for 82 gold pieces
  1662 | D        | Bought a potion of heal wounds for 130 gold pieces
  1662 | D        | Bought a potion of heal wounds for 130 gold pieces
  1662 | D        | Bought a steaming plate armour for 728 gold pieces
  1662 | D        | Identified the +8 plate armour of Busuruus {Str+4} (You
                  | bought it in a shop in the Dungeon)
  1662 | D        | Bought a twisted silver wand for 104 gold pieces
  1662 | D        | Bought a box of beasts for 1040 gold pieces
  1703 | D        | Bought the +10 dark maul {heavy} for 1236 gold pieces
  1703 | D        | Found the +10 dark maul {heavy}
  1703 | D        | Bought the +0 bardiche of False Accusations {venom, rCorr
                  | Int-4 Dex+9 SInv} for 685 gold pieces
  1709 | D        | Bought the amulet of the Bouncing Beds {Reflect rC- Str+3
                  | Int+8 SH+5} for 743 gold pieces
  1900 | D        | Noticed Maurice
  1901 | D        | Noticed Sonja
  1902 | D        | Noticed Erica
  1909 | D        | Killed Maurice
  1910 | D        | Killed Sonja
  1919 | D        | Killed Erica
  1920 | D        | Reached skill level 24 in Polearms
  2091 | D        | Noticed a centaur warrior
  2091 | D        | Noticed a red ugly thing
  2094 | D        | Noticed a death knight
  2095 | D        | Killed a centaur warrior
  2101 | D        | Noticed a fire dragon
  2107 | D        | Killed a red ugly thing
  2108 | D        | Noticed a spriggan berserker
  2108 | D        | Noticed a frost giant
  2112 | D        | Noticed a stone giant
  2117 | D        | Killed a death knight
  2118 | D        | Reached skill level 25 in Polearms
  2118 | D        | Reached XP level 12. HP: 122/128 MP: 11/11
  2118 | D        | Noticed a tengu warrior
  2119 | D        | Noticed an ice dragon
  2121 | D        | Noticed a deep troll earth mage
  2128 | D        | Killed a fire dragon
  2138 | D        | Killed a frost giant
  2145 | D        | Killed a stone giant
  2147 | D        | Killed a tengu warrior
  2148 | D        | Reached skill level 26 in Polearms
  2157 | D        | Killed an ice dragon
  2163 | D        | Killed a deep troll earth mage
  2380 | D        | Noticed Aizul
  2395 | D        | Killed Aizul
  2675 | D        | Noticed an eleionoma
  2675 | D        | Noticed a ghost crab
  2679 | D        | Killed an eleionoma
  2683 | D        | Noticed a bunyip
  2692 | D        | Killed a ghost crab
  2693 | D        | Reached skill level 27 in Polearms
  2702 | D        | Killed a bunyip
  2955 | D        | Noticed an anaconda
  2955 | D        | Noticed a naga warrior
  2965 | D        | Noticed a naga warrior
  2968 | D        | Killed an anaconda
  2975 | D        | Killed a naga warrior
  2976 | D        | Reached XP level 13. HP: 102/143 MP: 12/12
  3094 | D        | Noticed a merfolk impaler
  3098 | D        | Reached skill level 5 in Maces & Flails
  3116 | D        | Killed a merfolk impaler
  3297 | D        | Reached skill level 10 in Maces & Flails
  3385 | D        | Bought a puce potion for 18 gold pieces
  3385 | D        | Bought a phantom mirror for 840 gold pieces
  3385 | D        | Bought a piece from Xom's chessboard (15/15) for 420 gold
                  | pieces
  3385 | D        | Bought a scroll labelled TUYJIGR UROME for 21 gold pieces
  3399 | D        | Bought an amethyst potion for 17 gold pieces
  3399 | D        | Bought a scroll of enchant weapon for 142 gold pieces
  3399 | D        | Bought a scroll of identify for 38 gold pieces
  3430 | D        | Noticed Azrael
  3437 | D        | Killed Azrael
  3611 | D        | Noticed a spark wasp
  3611 | D        | Noticed a fire giant
  3611 | D        | Noticed a fire giant
  3611 | D        | Noticed a storm dragon
  3616 | D        | Killed a spark wasp
  3619 | D        | Noticed a tengu reaver
  3619 | D        | Killed a fire giant
  3620 | D        | Noticed a brown very ugly thing
  3622 | D        | Killed a fire giant
  3633 | D        | Killed a storm dragon
  3643 | D        | Noticed a stone giant
  3656 | D        | Killed a tengu reaver
  3657 | D        | Reached skill level 15 in Maces & Flails
  3667 | D        | Killed a brown very ugly thing
  3669 | D        | Killed a stone giant
  3674 | D        | Reached XP level 14. HP: 31/157 MP: 13/13
  3686 | D        | Noticed a frost giant
  3689 | D        | Noticed a lich
  3699 | D        | Mangled by a spriggan berserker

Illustrated notes

Levels and vault maps discovered:
D:        linesprint [early_d, line_temple, items_1, d_10, items_2, lair_1,
          lair_end, items_3, orc_1, orc_end, items_4, d_15, swamp_1, shoals_1,
          snake_1, spider_1, d_20, vaults_1, items_5, swamp_end, shoals_end,
          snake_end, spider_end, vaults_end, d_27, items_6, zot_1, zot_end,
          crypt_end, forest_end, elf_end, slime_end, tomb_end, abyss_end,
          pan_hell_end]

Skill      XL: |  1  2  3  4  5  6  7  8  9 10 11 12 13 |
---------------+----------------------------------------+-----
Polearms       | 4 7 9 13 16 17 19 21 25 27 | 27.0
Fighting       | 4 6 7 9 12 13 14 16 18 21 23 | 23.7
Armour         | 4 6 7 9 12 13 14 16 18 21 23 | 23.7
Maces & Flails | 16 | 16.4
Shields        | |  3.6

Action                     |  1- 3 |  4- 6 |  7- 9 | 10-12 | 13-15 || total
---------------------------+-------+-------+-------+-------+-------++-------
  Melee: Trident           |    21 |    18 |       |       |       ||    39
         Headbutt          |     4 |     3 |    19 |    67 |    31 ||   124
         Halberd           |       |     8 |    76 |   179 |       ||   263
         Bardiche          |       |       |       |   134 |   151 ||   285
 Invoke: Call Merchant     |       |       |       |     3 |     2 ||     5
    Use: Potion            |       |     2 |     1 |     3 |    13 ||    19
         Scroll            |       |       |       |       |     9 ||     9
   Stab: Distracted        |       |       |       |     6 |     4 ||    10
 Armour: Scale mail        |     5 |     6 |       |       |       ||    11
         Chain mail        |       |    12 |    57 |    66 |       ||   135
         Plate armour      |       |       |       |    57 |    79 ||   136
  Dodge: Dodged            |     5 |     6 |    28 |    62 |    34 ||   135
  Block: Buckler           |     1 |     2 |       |       |       ||     3
         Other             |       |       |       |    15 |    18 ||    33
         Reflection        |       |       |       |     1 |     1 ||     2
